 Dungeon Crawl Stone Soup version 0.30-a0-219-gf2db51d15e (webtiles) character file.

Game seed: 9133596316693506062

2970 porpoise the Spear-Bearer (level 9, -1/72 HPs)
             Began as a Demonspawn Gladiator on Oct 7, 2022.
             Was a Follower of Fedhas.
             Killed from afar by an acid dragon (32 damage)
             ... with a splash of acid
             ... on level 7 of the Dungeon on Oct 8, 2022.
             The game lasted 00:30:12 (7773 turns).

porpoise the Spear-Bearer (Demonspawn Gladiator)    Turns: 7773, Time: 00:30:12

Health: -1/72      AC:  8    Str: 18    XL:     9   Next: 52%
Magic:  12/12      EV: 11    Int: 10    God:    Fedhas [*.....]
Gold:   403        SH:  0    Dex: 15    Spells: 8/8 levels left

rFire   + . .      SeeInvis .    a - +0 trident
rCold   . . .      Faith    .    (no shield)
rNeg    + . .      Spirit   .    f - +3 scale mail
rPois   .          Reflect  .    c - +0 helmet
rElec   .          Harm     .    (no cloak)
rCorr   .          Rampage  .    (no gloves)
Will    .....                    (no boots)
Stlth   ..........               (no amulet)
HPRegen 0.32/turn                y - ring of positive energy
MPRegen 0.13/turn                q - ring of protection from fire

@: mighty, corroded
A: hooves 1, thin metallic scales 1, demonic magic 2
a: Renounce Religion


You were on level 7 of the Dungeon.
You worshipped Fedhas.
Fedhas was aware of your devotion.
You visited 2 branches of the dungeon, and saw 8 of its levels.

You collected 403 gold pieces.

Inventory:

Hand Weapons
 a - a +0 trident (weapon)
 b - a +0 sling
Missiles
 e - a javelin
 n - 3 boomerangs (quivered)
 D - a curare-tipped dart
 E - 5 poisoned darts
Armour
 c - a +0 helmet (worn)
 d - a +0 kite shield
 f - a +3 scale mail (worn)
 z - a +2 leather armour of poison resistance
 G - a +0 troll leather armour
Jewellery
 m - a +6 ring of strength
 q - a ring of protection from fire (right hand)
 y - a ring of positive energy (left hand)
 F - an amulet of reflection
Wands
 A - a wand of iceblast (6)
 C - a wand of quicksilver (10)
 I - a wand of charming (4)
Scrolls
 g - 3 scrolls of identify
 i - a scroll of fear
 j - a scroll of vulnerability {unknown}
 k - a scroll of noise {unknown}
 l - 3 scrolls of teleportation
 r - a scroll of butterflies {unknown}
 s - a scroll of amnesia {unknown}
 w - a scroll of immolation {unknown}
 x - a scroll of blinking {unknown}
 H - a scroll of poison {unknown}
Potions
 h - a potion of invisibility
 o - a potion of might
 p - 3 potions of attraction
 t - a potion of haste
 u - 3 potions of cancellation
 v - a potion of brilliance
 B - a potion of lignification


   Skills:
 - Level 7.0 Fighting
 + Level 9.6 Polearms
 - Level 2.2 Throwing
 + Level 3.0 Armour
 - Level 3.0 Dodging
 + Level 4.5 Invocations


You had 8 spell levels left.
You didn't know any spells.
Your spell library contained the following spells:

 Spells                   Type           Power      Damage    Failure   Level
 Apportation              Tloc           0%         N/A       75%         1
 Ignite Poison            Fire/Tmut/Pois 0%         N/A       98%         3
 Kindle Blastsparks       Fire/Tloc/Air  0%         2d10      98%         3
 Alistair's Intoxication  Tmut/Pois      0%         N/A       100%        5
 Freezing Cloud           Conj/Ice/Air   0%         6-21      100%        5


Dungeon Overview and Level Annotations

Branches:
Dungeon (7/15)             Temple (1/1) D:5

Altars:
Ashenzari
Dithmenos
Fedhas
Gozag
Hepliaklqana
Makhleb
Nemelex Xobeh
Qazlal
Trog
Uskayaw
Vehumet
Wu Jian
Xom


Innate Abilities, Weirdness & Mutations

You have large cloven feet.
You are partially covered in thin metallic scales. (AC +2)
Spells you cast may paralyse nearby enemies.


Message History

An acid dragon comes into view.
The acid dragon roars!
The acid dragon moves out of view.
Found a scroll labelled BILEOPO HAKKU.
There is an open door here.
The acid dragon spits acid at you. The splash of acid hits you.
You barely miss the acid dragon. You kick the acid dragon.
The acid dragon is lightly wounded.
The acid dragon spits acid at you. The splash of acid hits you!
You barely miss the acid dragon. You kick the acid dragon.
The acid dragon is lightly wounded.
The acid dragon barely misses you. The acid dragon closely misses you.
You barely miss the acid dragon. Your kick misses the acid dragon.
The acid dragon is lightly wounded.
The acid dragon misses you.
The acid dragon claws you but does no damage.
You feel very mighty all of a sudden. The acid dragon barely misses you.
The acid dragon misses you.
You hit the acid dragon but do no damage.
Your kick misses the acid dragon.
The acid dragon is lightly wounded.
You puncture the acid dragon! Your kick misses the acid dragon.
The acid dragon is heavily wounded.
The acid dragon barely misses you. The acid dragon claws you.
You barely miss the acid dragon. You kick the acid dragon.
The acid dragon is severely wounded.
The acid dragon bites you.
The acid dragon claws you but does no damage.
You closely miss the acid dragon. Your kick misses the acid dragon.
The acid dragon is severely wounded.
The acid dragon spits acid at you. The splash of acid hits you!!
The acid corrodes you!
You closely miss the acid dragon. Your kick misses the acid dragon.
The acid dragon is severely wounded.
The acid dragon spits acid at you. The splash of acid hits you!!
You die...
Fedhas appreciates your contribution to the ecosystem.

.#..###.#.#÷..#.#.#.##........#
...#####.#.#####.........###...#
.#.###.#.#)#.##...####..## .....
.##.#..##.##..####.##...# ###..
.......))#.#.#..........# .#.#
.#######.#.#.#.###'###..# .# #
.#P...P#....#..#P...P#..#
.#.###÷#.##....#.###.#..#
.#.')#.'.#####.#@#?#.#..#
.#.###.#.#.#...#D#+#.#..#
.#....P#..##.#.#P...P#..#
.#######.#.###.#######.##
.........).............#
####............#####.##
#......<......# #..##
#.............# ##..#####..
##...(......... #.........


You could see an acid dragon (catching breath).

Vanquished Creatures
  An ugly thing (D:7)
  A troll (D:7)
  A slime creature (D:6)
  A water moccasin (D:7)
  An ice beast (D:6)
  2 orc warriors (D:7)
  2 sky beasts (D:6)
  An ogre (D:5)
  A phantom (D:4)
  2 kobold brigands
  A bullfrog (D:7)
  2 gnoll sergeants (D:6)
  4 scorpions
  2 howler monkeys (D:4)
  A jelly (D:4)
  4 hounds
  2 quasits
  5 orc priests
  3 iguanas
  6 orc wizards
  7 gnolls
  5 adders
  3 shadow imps (D:6)
  2 white imps (D:6)
  An ufetubus (D:6)
  2 worms (D:2)
  3 dart slugs
  23 orcs
  5 ball pythons
  2 endoplasms
  2 giant cockroaches (D:4)
  6 goblins
  4 hobgoblins
  2 quokkas
  4 bats
  5 frilled lizards
  12 kobolds
  5 rats
136 creatures vanquished.

Vanquished Creatures (others)
  7 demonic plants
  8 fungi (D:2)
  12 plants
  2 withered plants (D:2)
29 creatures vanquished.

Grand Total: 165 creatures vanquished

Notes
Turn   | Place    | Note
-------+----------+-------------------------------------------
     0 | D:1      | porpoise the Demonspawn Gladiator began the quest for the
                  | Orb.
     0 | D:1      | Reached XP level 1. HP: 16/16 MP: 1/1
    63 | D:1      | Gained mutation: You are partially covered in thin metallic
                  | scales. (AC +2) [demonic ancestry]
    63 | D:1      | Reached XP level 2. HP: 22/22 MP: 2/2
   762 | D:2      | Reached skill level 3 in Polearms
   772 | D:2      | Gained mutation: Spells you cast may paralyse adjacent
                  | enemies. [demonic ancestry]
   772 | D:2      | Reached XP level 3. HP: 28/28 MP: 3/3
  1253 | D:2      | Found a faded altar of an unknown god.
  1547 | D:2      | Reached XP level 4. HP: 34/34 MP: 4/4
  2411 | D:3      | Reached skill level 4 in Polearms
  2694 | D:4      | Noticed a scorpion
  2713 | D:4      | Killed a scorpion
  2714 | D:4      | Reached XP level 5. HP: 15/41 MP: 5/5
  2943 | D:4      | Identified the +0 robe "Kuen" {+Inv rElec Int+3}
  3232 | D:4      | Reached XP level 6. HP: 43/48 MP: 6/6
  3286 | D:4      | Reached skill level 5 in Polearms
  3833 | D:5      | Entered Level 5 of the Dungeon
  4017 | D:5      | Found a staircase to the Ecumenical Temple.
  4044 | D:5      | Gained mutation: You have large cloven feet. [demonic
                  | ancestry]
  4044 | D:5      | Reached XP level 7. HP: 39/55 MP: 7/7
  4102 | Temple   | Entered the Ecumenical Temple
  4266 | Temple   | Became a worshipper of Fedhas Madash
  4330 | D:5      | Found a shimmering altar of Xom.
  4456 | D:5      | Reached skill level 6 in Polearms
  5118 | D:6      | Reached skill level 5 in Fighting
  5376 | D:6      | Reached skill level 7 in Polearms
  5490 | D:5      | Gained mutation: Spells you cast may paralyse nearby
                  | enemies. [demonic ancestry]
  5490 | D:5      | Reached XP level 8. HP: 43/64 MP: 8/8
  5765 | D:6      | Reached * piety under Fedhas
  6082 | D:6      | Reached skill level 8 in Polearms
  6739 | D:6      | Found a burning altar of Makhleb.
  6811 | D:7      | Noticed a troll
  6817 | D:7      | Killed a troll
  6818 | D:7      | Reached skill level 9 in Polearms
  6819 | D:7      | Noticed a slime creature
  6843 | D:6      | Killed a slime creature
  6844 | D:6      | Reached skill level 1 in Armour
  6844 | D:6      | Reached skill level 1 in Invocations
  6844 | D:6      | Reached XP level 9. HP: 25/72 MP: 8/10
  7241 | D:7      | Noticed a red ugly thing
  7260 | D:7      | Killed a red ugly thing
  7773 | D:7      | Killed from afar by an acid dragon

Illustrated notes

Levels and vault maps discovered:
D:1:      lemuel_arrival_hallway, layout_basic, minmay_misc_feat_iff,
          minmay_misc_feat_five
D:2:      minmay_general_purpose_star, layout_basic,
          shapermc_ecumenical_altar_gd, minmay_misc_feat_nine_boxes,
          grunt_ministairs_6, minmay_misc_feat_enclosed
D:3:      layout_rooms, kennysheep_cross_bottleneck, minivault_26,
          grunt_decor_arrowhead
D:4:      layout_basic, minmay_box_of_dots
D:5:      layout_loops_ring, lemuel_tele_altar, minmay_temple_entry_butterflies
D:6:      layout_loops_ring, general_overflow_altar, serial_demonic,
          serial_demonic_b, serial_demonic_a, serial_demonic_f, serial_demonic_f
D:7:      lemuel_insect_pit, layout_cave_pods, lemuel_crystal_altar,
          serial_shops, nicolae_take_the_stairs, minmay_shattered_shrine
Temple:   nicolae_temple_bog_church

Skill      XL: |  1  2  3  4  5  6  7  8  9 |
---------------+----------------------------+-----
Throwing       | 2 |  2.2
Dodging        | 3 |  3.0
Polearms       | 3 4 5 7 9 |  9.6
Fighting       | 3 4 5 7 |  7.0
Armour         | 1 3 |  3.0
Invocations    | 1 4 |  4.5

Action                   |  1- 3 |  4- 6 |  7- 9 || total
-------------------------+-------+-------+-------++-------
Melee: Trident           |    71 |   175 |   399 ||   645
       Punch             |     1 |     1 |     5 ||     7
       Kick              |       |       |    98 ||    98
 Fire: Sling             |    36 |    54 |    11 ||   101
Throw: Throwing net      |       |     3 |     2 ||     5
       Dart              |       |       |    16 ||    16
       Boomerang         |       |       |     2 ||     2
Evoke: Wand              |       |       |     6 ||     6
  Use: Scroll            |       |     9 |     2 ||    11
       Potion            |       |     1 |     3 ||     4
 Stab: Held in net/web   |       |     2 |     2 ||     4
Armor: Leather armour    |    26 |    19 |       ||    45
       Scale mail        |       |    29 |   185 ||   214
Dodge: Dodged            |    37 |    82 |   138 ||   257

Table legend: (Time is in decaauts)
 A = Elapsed time spent in this place.
 B = Non-inter-level travel time spent in this place.
 C = Inter-level travel time spent in this place.
 D = Time resting spent in this place.
 E = Time spent auto-exploring this place.
 F = Levels seen in this place.
 G = Mean time per level.
                   A        B        C        D        E       F      G
               +--------+--------+--------+--------+--------+-----+--------+
         Total |   7772 |   7484 |    288 |   2455 |   3426 |   8 |  971.5 |
       Dungeon |   7578 |   7331 |    247 |   2455 |   3287 |   7 | 1082.6 |
        Temple |    193 |    152 |     41 |      0 |    139 |   1 |  193.0 |
               +--------+--------+--------+--------+--------+-----+--------+

Top non-repeatable levels by time:
     D:6: 1760 daAuts
     D:2: 1203 daAuts
     D:5: 1162 daAuts
     D:4: 1155 daAuts
     D:3: 827 daAuts
     D:7: 802 daAuts
     D:1: 666 daAuts
  Temple: 193 daAuts
